 Dungeon Crawl Stone Soup version 0.30-a0-757-ga6a79fd877 (webtiles) character file.

Game seed: 2597801140111538198

106 BigDaddyOpFi the Ducker (level 5, -3/35 HPs)
             Began as a Djinni Earth Elementalist on Feb 9, 2023.
             Slain by a gnoll
             ... wielding a +0 whip
              (5 damage)
             ... on level 2 of the Dungeon.
             The game lasted 00:02:13 (1994 turns).

BigDaddyOpFi the Ducker (Djinni Earth Elementalist) Turns: 1994, Time: 00:02:14

Health: -3/35      AC:  5    Str: 15    XL:     5   Next: 10%
Gold:   219        EV: 13    Int: 18    God:
                   SH:  0    Dex: 14

rFire   . . .      SeeInvis .    n - +9 mace of Watchfulness {speed, rElec rPois rF- Str+8}
rCold   . . .      Faith    .    (no shield)
rNeg    . . .      Spirit   .    a - +1 robe
rPois   ∞          Reflect  .    k - +0 helmet
rElec   +          Harm     .    (no cloak)
rCorr   .          Rampage  .    j - +0 pair of gloves
Will    .....                    (boots unavailable)
Stlth   ++                       (no amulet)
HPRegen 0.25/turn                f - ring of ice
MPRegen 0.00/turn                (no ring)

@: flying
A: sickness immunity, fire resistance 2, cold vulnerability 1, float, innate
caster, HP casting, extra vitality 1
a: no special abilities


You were on level 2 of the Dungeon.
You visited 1 branch of the dungeon, and saw 2 of its levels.

You collected 219 gold pieces.

Inventory:

Hand Weapons
 h - a +4 dagger of freezing
 n - the +9 mace of Watchfulness (weapon) {speed, rElec rPois rF- Str+8}
   (You found it on level 2 of the Dungeon)

   Str:       It affects your strength (+8).
   rF:        It makes you vulnerable to fire.
   rElec:     It insulates you from electricity.
   rPois:     It protects you from poison.
Armour
 a - a +1 robe (worn)
 g - a +0 leather armour of willpower
 j - a +0 pair of gloves (worn)
 k - a +0 helmet (worn)
Jewellery
 f - a ring of ice (left hand)
Scrolls
 m - a scroll of fog {unknown}
 o - a scroll of identify {unknown}
Potions
 b - a potion of magic
 c - a potion of haste {unknown}
 d - a potion of flight
 e - a potion of resistance {unknown}
 i - a potion of curing {unknown}
 l - a potion of ambrosia {unknown}


   Skills:
 + Level 0.5 Maces & Flails
 + Level 3.4 Dodging
 + Level 2.7 Stealth
 + Level 3.1 Spellcasting


You couldn't memorise any spells.
You knew the following spells:

 Your Spells              Type           Power      Damage    Failure   Level
a - Sandblast             Erth           28%        2d8       4%          1
b - Passwall              Tmut/Erth      11%        N/A       7%          2
c - Stone Arrow           Conj/Erth      28%        3d8       14%         3
d - Petrify               Tmut/Erth      14%        N/A       41%         4
e - Necrotise             Necr           56%        1d6       4%          1
f - Scorch                Fire           28%        2d6       7%          2
Your spell library was empty.

Dungeon Overview and Level Annotations

Branches:
Dungeon (2/15)

Altars:


Innate Abilities, Weirdness & Mutations

You are immune to sickness and miasma.
You are immune to poison.
Your flesh is very heat resistant. (rF++)
You are vulnerable to cold. (rC-)
You float through the air rather than walking.
You learn spells naturally, not from books.
Your magical power is your life essence.
You have superior vitality. (+4 MHP)


Message History

You are too injured to fight recklessly!
You are too injured to fight recklessly!
You are too injured to fight recklessly!
You are too injured to fight recklessly!
Things that are here:
a +0 halberd; the +1 robe of Ovolei {SInv}; a gnoll corpse
Casting: Sandblast (safe; 4% risk of failure)
Confirm with . or Enter, or press ? or * to list all spells.
Aiming: Sandblast (safe; 4% risk of failure)
Press: ? - help, Shift-Dir - straight line, f - gnoll
Aim: a gnoll, wielding a +0 whip (84% to hit)
The blast of sand misses the gnoll.
Casting: Sandblast (safe; 4% risk of failure)
Confirm with . or Enter, or press ? or * to list all spells.
Aiming: Sandblast (safe; 4% risk of failure)
Press: ? - help, Shift-Dir - straight line, f/p - gnoll
Aim: a gnoll, wielding a +0 whip (84% to hit)
The blast of sand hits the gnoll but does no damage.
The gnoll hits you with a +0 whip.
* * * LOW HITPOINT WARNING * * *
The gnoll hits you with a +0 whip!
* * * LOW HITPOINT WARNING * * *
Casting: Sandblast (safe; 4% risk of failure)
Confirm with . or Enter, or press ? or * to list all spells.
Aiming: Sandblast (safe; 4% risk of failure)
Press: ? - help, Shift-Dir - straight line, f/p - gnoll
Aim: a gnoll, wielding a +0 whip (84% to hit)
Okay, then.
It was a potion of flight.
You feel more buoyant. The gnoll misses you.
Okay, then.
Casting: Sandblast (safe; 4% risk of failure)
Confirm with . or Enter, or press ? or * to list all spells.
Aiming: Sandblast (safe; 4% risk of failure)
Press: ? - help, Shift-Dir - straight line, f/p - gnoll
Aim: a gnoll, wielding a +0 whip (84% to hit)
Okay, then.
The gnoll attacks as you move away! The gnoll hits you with a +0 whip.
You die...

#########...#####
###.# #.# #.# #.#
#.# #.# #)# #@#
#..g# #.....#
...#.....
###...##### ###.#
#.# #'#


You could see a gnoll.

Vanquished Creatures
  4 adders (D:2)
  3 gnolls (D:2)
  A worm (D:2)
  4 bats (D:2)
  6 endoplasms
  4 goblins
  3 hobgoblins
  3 jackals (D:1)
  A quokka (D:1)
  3 ball pythons
  A frilled lizard (D:2)
  5 kobolds
  3 rats
41 creatures vanquished.

Vanquished Creatures (others)
  4 toadstools (D:1)
4 creatures vanquished.

Grand Total: 45 creatures vanquished

Notes
Turn   | Place    | Note
-------+----------+-------------------------------------------
     0 | D:1      | BigDaddyOpFi the Djinni Earth Elementalist began the quest
                  | for the Orb.
     0 | D:1      | BigDaddyOpFi set off with the following spells memorised:
                  | Sandblast, Passwall, Stone Arrow, Petrify.
     0 | D:1      | Reached XP level 1. HP: 15/15 MP: 0/0
   306 | D:1      | Reached XP level 2. HP: 21/21 MP: 0/0
   380 | D:1      | Found a faded altar of an unknown god.
  1216 | D:2      | Reached XP level 3. HP: 14/25 MP: 0/0
  1216 | D:2      | Learned a level 1 spell: Necrotise
  1391 | D:2      | Reached XP level 4. HP: 23/31 MP: 0/0
  1600 | D:2      | Identified the +9 mace of Watchfulness {speed, rElec rPois
                  | rF- Str+8}
  1978 | D:2      | Identified the +1 robe of Ovolei {SInv}
  1986 | D:2      | Reached XP level 5. HP: 14/35 MP: 0/0
  1986 | D:2      | Learned a level 2 spell: Scorch
  1994 | D:2      | Slain by a gnoll

Illustrated notes

Levels and vault maps discovered:
D:1:      evilmike_arrival_hilbert_curve, layout_basic,
          hellmonk_ecumenical_altar_leap_of_faith, minmay_gold_behind_fungi
D:2:      layout_loops_corners, minivault_26, minivault_5,
          kennysheep_generic_room_15

Skill      XL: |  1  2  3  4 |
---------------+-------------+-----
Stealth        | 2 |  2.7
Dodging        | 3 |  3.4
Spellcasting   | 3 |  3.1
Maces & Flails | |  0.5

Action                     |  1- 3 |  4- 6 || total
---------------------------+-------+-------++-------
  Melee: Dagger            |    10 |     1 ||    11
         Unarmed           |     1 |       ||     1
         Mace              |       |     7 ||     7
   Cast: Sandblast         |    32 |    21 ||    53
    Use: Scroll            |     5 |       ||     5
         Potion            |       |     1 ||     1
 Armour: Robe              |    10 |     4 ||    14
  Dodge: Dodged            |    15 |     8 ||    23

Table legend: (Time is in decaauts)
 A = Elapsed time spent in this place.
 B = Non-inter-level travel time spent in this place.
 C = Inter-level travel time spent in this place.
 D = Time resting spent in this place.
 E = Time spent auto-exploring this place.
 F = Levels seen in this place.
 G = Mean time per level.
                   A        B        C        D        E       F      G
               +--------+--------+--------+--------+--------+-----+--------+
         Total |   2018 |   1960 |     58 |      0 |   1625 |   2 | 1009.0 |
       Dungeon |   2018 |   1960 |     58 |      0 |   1625 |   2 | 1009.0 |
               +--------+--------+--------+--------+--------+-----+--------+

Top non-repeatable levels by time:
     D:1: 1137 daAuts
     D:2: 881 daAuts
